[Event "Titled Tuesday Blitz August 16 Early 2022"]
[White "Grot, Blazej"]
[Black "Ginzburg, Yakov"]
[WhiteFideId "21835845"]
[BlackFideId "4157176"]
[WhiteElo "1614"]
[BlackElo "2265"]
[Result "0-1"]
[Round "08"]
[TimeControl "180+2"]
[Date "2022.08.18"]
[WhiteClock "0:00:00"]
[BlackClock "0:00:00"]

1. e4 c5 2. Nf3 e6 3. d4 cxd4 4. Nxd4 Nf6 5. Nc3 Nc6 6. Ndb5 Bb4 7. a3 Bxc3+ 8. Nxc3 d5 9. exd5 exd5 10. Bd3 O-O 11. O-O d4 12. Ne2 h6 13. f3 Re8 14. Bf4 Be6 15. Bg3 Qd7 16. Bf2 Rad8 17. Qd2 Kh8 18. Rad1 a6 19. Bh4 g5 20. Bf2 Kg7 21. Rfe1 Qc7 22. Bg3 Qc8 23. h4 g4 24. Rf1 Bf5 25. fxg4 Bxd3 26. cxd3 Qxg4 27. Rde1 Nh5 28. Bf2 Re6 29. Nc1 Nf4 30. g3 Nh5 31. Rxe6 fxe6 32. Kh2 Rf8 33. Ne2 Rf3 34. Qe1 e5 35. Ng1 Rxd3 36. Nh3 Ne7 37. Qxe5+ Kf7 38. Bxd4+ Ke8 39. Qb8+ Kd7 40. Qxb7+ Kd6 41. Qb6+ Nc6 42. Qc5+ Kd7 43. Rf7+ Ke6 44. Qxc6+ Kxf7 45. Qc4+ Kg6 46. Qxd3+ Kf7 47. Qf1+ Ke7 48. Qxa6 Qxg3+ 0-1


[Site "https://www.chess.com"]

[Event "Titled Tuesday Blitz August 16 Early 2022"]
[White "Gubanov, Oleg"]
[Black "Ianov, Viktor"]
[WhiteFideId "14115115"]
[BlackFideId "14102730"]
[WhiteElo "2258"]
[BlackElo "2263"]
[Result "0-1"]
[Round "08"]
[TimeControl "180+2"]
[Date "2022.08.18"]
[WhiteClock "0:00:00"]
[BlackClock "0:00:00"]

1. d4 d6 2. e4 Nf6 3. Nc3 c6 4. f4 Qb6 5. Nf3 Bg4 6. Be2 Bxf3 7. Bxf3 e5 8. fxe5 dxe5 9. dxe5 Nfd7 10. e6 fxe6 11. Bd2 Ne5 12. Qe2 Qxb2 13. O-O Qxc2 14. Rab1 Bc5+ 15. Kh1 b6 16. Rbc1 Qd3 17. Qe1 Nbd7 18. Na4 O-O 19. Be2 Qxe4 20. Rxf8+ Rxf8 21. Nxc5 Nxc5 22. Qd1 0-1


[Site "https://www.chess.com"]

[Event "Titled Tuesday Blitz August 16 Early 2022"]
[White "Hess, Robert"]
[Black "Subelj, Jan"]
[WhiteFideId "2022036"]
[BlackFideId "14618583"]
[WhiteElo "2557"]
[BlackElo "2331"]
[Result "1-0"]
[Round "08"]
[TimeControl "180+1"]
[Date "2022.08.16"]
[WhiteClock "0:00:32"]
[BlackClock "0:01:01"]

1. b3 b6 2. Bb2 Bb7 3. d3 Nf6 4. Nd2 g6 5. e3 Bg7 6. Ne2 O-O 7. h3 a5 8. a3 d6 9. Rg1 Nbd7 10. g4 e5 11. Ng3 Nc5 12. h4 Nfd7 13. h5 Ne6 14. Qe2 Kh8 15. O-O-O f5 16. hxg6 hxg6 17. gxf5 Ng5 18. fxg6 Nf3 19. Bg2 Qf6 20. Nge4 Bxe4 21. Nxe4 Qf5 22. Rh1+ Kg8 23. Bh3 Qxg6 24. Bxd7 d5 25. Ng3 e4 26. Bxg7 Qxg7 27. Be6+ Rf7 28. Kb1 a4 29. Nf5 Qe5 30. Rdg1+ Kf8 31. d4 Qf6 32. Rg6 Qxg6 33. Rh8+ Qg8 34. Rxg8+ Kxg8 35. Nh6+ Kg7 36. Nxf7 c6 37. Ne5 Kf6 38. Bxd5 cxd5 39. Nxf3 exf3 40. Qxf3+ Ke6 41. c4 Kd6 42. Qxd5+ 1-0


[Site "https://www.chess.com"]

[Event "Titled Tuesday Blitz August 16 Early 2022"]
[White "Ibarra Jerez, Jose Carlos"]
[Black "Vachylia, Andrii"]
[WhiteFideId "2226332"]
[BlackFideId "14137224"]
[WhiteElo "2628"]
[BlackElo "2318"]
[Result "0-1"]
[Round "08"]
[TimeControl "180+1"]
[Date "2022.08.16"]
[WhiteClock "0:00:02"]
[BlackClock "0:00:10"]

1. d4 Nf6 2. Bg5 e6 3. e4 h6 4. Bxf6 Qxf6 5. c3 d6 6. Bd3 g6 7. Ne2 Bg7 8. f4 c5 9. Na3 Nc6 10. Nb5 Qe7 11. e5 dxe5 12. dxe5 O-O 13. O-O c4 14. Be4 Qc5+ 15. Nbd4 Bd7 16. Qe1 Rfd8 17. Rd1 Ne7 18. h3 Bc6 19. Ng3 Nf5 20. Nxf5 gxf5 21. Bf3 Bxf3 22. Rxf3 Kh7 23. Kh2 Bf8 24. g4 fxg4 25. hxg4 Be7 26. Qe4+ Kg7 27. f5 exf5 28. gxf5 Bg5 29. f6+ Kh8 30. Rg1 Rg8 31. Rh3 Bd2 32. Rxg8+ Rxg8 33. Rg3 Bg5 34. Kh3 Re8 35. Nf3 Qc8+ 36. Kg2 Rg8 37. Nxg5 Rxg5 38. Rxg5 hxg5 39. Kg3 Qe6 40. Kf3 Qh3+ 41. Kf2 Qh2+ 42. Ke1 Qg1+ 43. Kd2 Qh2+ 44. Qe2 Qf4+ 45. Qe3 Qf5 46. b3 b5 47. bxc4 bxc4 48. Kc1 Kh7 49. Kb2 Kg6 50. Ka3 Qd3 51. Qc1 a5 52. Ka4 g4 53. Kxa5 g3 54. Kb4 g2 55. Qg1 Qf3 56. Qb1+ Qf5 57. Qg1 Qf3 58. Qb1+ Kh6 59. Qc1+ Kh5 60. Qb1 Qd3 61. Qg1 Qe4 62. Qh2+ Kg4 63. Qh8 Kf3 64. Qh3+ Kf2 65. Qh2 Kf1 66. Qh3 Qd3 67. Qh5 g1=Q 68. Qxf7 Qb6+ 69. Ka4 Qc2+ 70. Ka3 Qcb2+ 71. Ka4 Qxa2# 0-1


[Site "https://www.chess.com"]

[Event "Titled Tuesday Blitz August 16 Early 2022"]
[White "Janaszak, Dawid"]
[Black "Turzo, Attila"]
[WhiteFideId "1119206"]
[BlackFideId "704954"]
[WhiteElo "2165"]
[BlackElo "2298"]
[Result "1-0"]
[Round "08"]
[TimeControl "180+2"]
[Date "2022.08.18"]
[WhiteClock "0:00:00"]
[BlackClock "0:00:00"]

1. e4 e5 2. Nf3 Nc6 3. d4 exd4 4. Nxd4 Nf6 5. Nxc6 bxc6 6. e5 Qe7 7. Qe2 Nd5 8. h4 f6 9. c4 Nb4 10. a3 Na6 11. exf6 Qxe2+ 12. Bxe2 gxf6 13. b4 Nb8 14. Bb2 Be7 15. Bh5+ Kd8 16. Nd2 a5 17. c5 d5 18. Nb3 axb4 19. axb4 Rxa1+ 20. Nxa1 Nd7 21. Nc2 Ne5 22. O-O Bg4 23. Bxg4 Nxg4 24. Nd4 Kd7 25. Ra1 Rb8 26. Bc3 Ne5 27. Ra6 Nd3 28. Nxc6 Rb5 29. Nxe7 Kxe7 30. Rxf6 Nxb4 31. Rh6 Nd3 32. Rxh7+ Kd8 33. Bf6+ Kc8 34. c6 Kb8 35. Rh8+ Ka7 36. Bd4+ Nc5 37. h5 Kb6 38. h6 Kxc6 39. h7 Ne6 40. Rg8 Nxd4 41. h8=Q Rb4 42. Rg6+ 1-0


[Site "https://www.chess.com"]

[Event "Titled Tuesday Blitz August 16 Early 2022"]
[White "Khusenkhojaev, Muhammad"]
[Black "Koniahli, Malek."]
[WhiteFideId "14700247"]
[BlackFideId "7603495"]
[WhiteElo "2180"]
[BlackElo "2097"]
[Result "0-1"]
[Round "08"]
[TimeControl "180+2"]
[Date "2022.08.18"]
[WhiteClock "0:00:00"]
[BlackClock "0:00:00"]

1. Nf3 Nf6 2. c4 e6 3. d4 d5 4. g3 Be7 5. Bg2 O-O 6. O-O c6 7. Qc2 b6 8. Rd1 Bb7 9. b3 a5 10. Nc3 Na6 11. a3 Rc8 12. e4 c5 13. e5 Ne4 14. dxc5 Nxc3 15. Qxc3 Nxc5 16. Nd4 dxc4 17. bxc4 Bxg2 18. Kxg2 Qc7 19. Nb5 Qc6+ 20. Qf3 Nb3 21. Rb1 Qxc4 22. Qxb3 Qe4+ 23. Kg1 a4 24. Qd3 Qg4 25. Be3 Rfd8 26. Nd6 Bxd6 27. exd6 Rc6 28. Rxb6 Rc3 29. Qd4 Qf3 30. d7 h5 31. h4 Rc7 32. Rd6 Rc2 33. Qb6 Qa8 34. Bg5 f6 35. Rxe6 Kh7 36. Bxf6 Qf3 37. Red6 gxf6 38. Rf1 Rg8 39. Kh2 Rxg3 0-1


[Site "https://www.chess.com"]

[Event "Titled Tuesday Blitz August 16 Early 2022"]
[White "Kiseljova, Marya"]
[Black "Quirke, Jeffrey"]
[WhiteFideId "4155009"]
[BlackFideId "2013029"]
[WhiteElo "1697"]
[BlackElo "2048"]
[Result "1-0"]
[Round "08"]
[TimeControl "180+2"]
[Date "2022.08.18"]
[WhiteClock "0:00:00"]
[BlackClock "0:00:00"]

1. d4 d5 2. c4 e6 3. Nf3 dxc4 4. g3 c5 5. Qa4+ Bd7 6. Qxc4 b5 7. Qc2 c4 8. Bg2 Nc6 9. O-O Nb4 10. Qd1 Bc6 11. a3 Nd5 12. Ne5 Bb7 13. a4 a6 14. b3 cxb3 15. axb5 axb5 16. Rxa8 Qxa8 17. Qxb3 b4 18. Bb2 Ngf6 19. Nd2 Be7 20. Ra1 Qb8 21. e4 Nb6 22. Nec4 Nxc4 23. Qxc4 O-O 24. h3 Rc8 25. Qb3 h5 26. f3 Qxg3 27. Ra7 Qb8 28. Qa4 Bf8 29. f4 Bc6 30. Qa2 Qb5 31. Bf1 Qb6 32. Nc4 Qd8 33. Nd2 Nxe4 34. Nc4 Nc3 35. Bxc3 bxc3 36. Ne5 Qxd4+ 37. Kh2 Qd2+ 38. Qxd2 cxd2 39. Be2 Be4 40. Nxf7 Rc1 41. Ng5 d1=Q 42. Bxd1 Rxd1 43. Nxe4 Rd4 44. Ng5 Rxf4 45. Nxe6 Rf6 46. Nxf8 Rxf8 47. Ra5 g6 48. Ra7 Rf7 49. Ra6 Kg7 50. Kg3 Rb7 51. Rc6 Kh6 52. Ra6 Rb4 53. Rc6 h4+ 54. Kg2 Rb3 55. Kh2 Kh5 56. Rc5+ g5 57. Ra5 Rb2+ 58. Kg1 Re2 59. Kh1 Kg6 60. Rb5 Re4 61. Kg2 Kf6 62. Ra5 Re5 63. Ra6+ Kf5 64. Ra4 Re4 65. Ra5+ Kf4 66. Ra3 Rb4 67. Rc3 Rb2+ 68. Kg1 Rb4 69. Kg2 Re4 70. Kf2 Rd4 71. Rf3+ Ke4 72. Re3+ Kf4 73. Rf3+ Ke5 74. Re3+ Re4 75. Ra3 Rf4+ 76. Kg2 Rd4 77. Ra5+ Rd5 78. Ra3 Rd2+ 79. Kf3 Rd4 80. Re3+ Kf5 81. Ra3 Rf4+ 82. Kg2 Re4 83. Rf3+ Kg6 84. Ra3 Kh5 85. Rf3 Rf4 86. Ra3 Rb4 87. Rc3 Rb2+ 88. Kf3 Rb4 89. Rd3 1-0


[Site "https://www.chess.com"]

[Event "Titled Tuesday Blitz August 16 Early 2022"]
[White "Korelskiy, Egor"]
[Black "Zenin, Dmitry"]
[WhiteFideId "34329064"]
[BlackFideId "4127897"]
[WhiteElo "2077"]
[BlackElo "2215"]
[Result "1-0"]
[Round "08"]
[TimeControl "180+2"]
[Date "2022.08.18"]
[WhiteClock "0:00:00"]
[BlackClock "0:00:00"]

1. e4 g6 2. d4 Bg7 3. Nc3 d6 4. h3 a6 5. g4 b5 6. Bg2 Bb7 7. Be3 Nd7 8. Nge2 e6 9. O-O Ne7 10. a3 h5 11. gxh5 Rxh5 12. Ng3 Rh8 13. f4 d5 14. f5 dxe4 15. fxe6 fxe6 16. Qg4 Nf6 17. Qxe6 Qd6 18. Qxd6 cxd6 19. Ngxe4 Nxe4 20. Nxe4 Bxe4 21. Bxe4 d5 22. Bg2 Nf5 23. Bg5 Bxd4+ 24. Kh2 Rc8 25. c3 Be5+ 26. Kg1 Rh5 27. Rae1 Rxg5 28. Rxe5+ Kf8 29. Kh2 d4 30. Bf3 dxc3 31. h4 Nxh4 32. Rxg5 Nxf3+ 33. Rxf3+ Kg7 34. Rxc3 1-0


[Site "https://www.chess.com"]

[Event "Titled Tuesday Blitz August 16 Early 2022"]
[White "Koridze, Lile"]
[Black "Fier, Alexandr"]
[WhiteFideId "13612514"]
[BlackFideId "2107139"]
[WhiteElo "2081"]
[BlackElo "2572"]
[Result "0-1"]
[Round "08"]
[TimeControl "180+2"]
[Date "2022.08.18"]
[WhiteClock "0:00:00"]
[BlackClock "0:00:00"]

1. d4 Nf6 2. c4 a6 3. Nc3 c5 4. d5 b5 5. cxb5 axb5 6. Nxb5 g6 7. Nf3 Bg7 8. Nc3 O-O 9. e3 Qa5 10. Bc4 Ba6 11. Bxa6 Qxa6 12. Qe2 d6 13. Qxa6 Rxa6 14. O-O Nbd7 15. Rd1 Nb6 16. e4 Nfd7 17. a3 Rb8 18. Bg5 Kf8 19. Nd2 Na4 20. Nc4 Nxb2 21. Nxb2 Bxc3 0-1


[Site "https://www.chess.com"]

[Event "Titled Tuesday Blitz August 16 Early 2022"]
[White "Kostiukov, Alexandr"]
[Black "Eynullayev, Altay"]
[WhiteFideId "14108100"]
[BlackFideId "13413562"]
[WhiteElo "2202"]
[BlackElo "2079"]
[Result "0-1"]
[Round "08"]
[TimeControl "180+2"]
[Date "2022.08.18"]
[WhiteClock "0:00:00"]
[BlackClock "0:00:00"]

1. g3 Nf6 2. Bg2 e6 3. d3 Be7 4. e4 O-O 5. Qe2 d6 6. Nf3 Nbd7 7. O-O e5 8. d4 c6 9. Rd1 Qc7 10. c4 Re8 11. Nc3 Nf8 12. h3 Ng6 13. Qc2 Be6 14. d5 Bc8 15. Be3 Bd7 16. Rac1 Rec8 17. Qb3 c5 18. a4 a6 19. Nd2 Rcb8 20. Ra1 Qc8 21. Kh2 Ne8 22. Qc2 Nc7 23. a5 b5 24. axb6 Rxb6 25. b3 h5 26. Nf3 h4 27. g4 Rab8 28. Ra3 Ne8 29. Rda1 Nf6 30. Kg1 Nh7 31. Kf1 Nf4 32. Bxf4 exf4 33. Nd2 Ng5 34. Nf3 Nxf3 35. Bxf3 Bf6 36. Bd1 Bd4 37. f3 Qb7 38. Qd2 g5 39. Ne2 Be5 40. Qc2 Bc8 41. Qa2 Qe7 0-1


[Site "https://www.chess.com"]

[Event "Titled Tuesday Blitz August 16 Early 2022"]
[White "Kotepalli, Sai Nirupama"]
[Black "Eynullayev, Atilla"]
[WhiteFideId "5039444"]
[BlackFideId "13413570"]
[WhiteElo "1910"]
[BlackElo "2328"]
[Result "1-0"]
[Round "08"]
[TimeControl "180+2"]
[Date "2022.08.18"]
[WhiteClock "0:00:00"]
[BlackClock "0:00:00"]

1. e4 c5 2. Nf3 Nc6 3. d3 g6 4. g3 Bg7 5. Bg2 e6 6. O-O Nge7 7. c3 d5 8. Qe2 O-O 9. e5 d4 10. c4 h6 11. h4 Qc7 12. Bf4 Rb8 13. Nbd2 a6 14. Ne4 Nxe5 15. Nxe5 Bxe5 16. Nf6+ Bxf6 17. Bxc7 Ra8 18. Bd6 Rd8 19. Bxc5 Rb8 20. Bb6 Re8 21. Rfe1 Bd7 22. Qd2 Kg7 23. Qf4 Nc6 24. Bxc6 Bxc6 25. Bxd4 Bxd4 26. Qxd4+ Kg8 27. Qf6 Rbd8 28. d4 b5 29. b3 bxc4 30. bxc4 Ba8 31. Rad1 Rc8 32. d5 exd5 33. cxd5 Rxe1+ 34. Rxe1 Bxd5 35. Qxa6 Ra8 36. Qxa8+ Bxa8 37. Re8+ 1-0


[Site "https://www.chess.com"]

[Event "Titled Tuesday Blitz August 16 Early 2022"]
[White "Kovacevic, Radmila"]
[Black "Ferriz Barrios, Andres"]
[WhiteFideId "933171"]
[BlackFideId "5104467"]
[WhiteElo "2157"]
[BlackElo "2102"]
[Result "0-1"]
[Round "08"]
[TimeControl "180+2"]
[Date "2022.08.18"]
[WhiteClock "0:00:00"]
[BlackClock "0:00:00"]

1. e4 e6 2. d4 d5 3. Nc3 dxe4 4. Nxe4 Nd7 5. Nf3 Ngf6 6. Ng3 b6 7. Bb5 Bb7 8. Bg5 Be7 9. O-O a6 10. Ba4 b5 11. Bb3 O-O 12. Re1 Nd5 13. Bxe7 Qxe7 14. a4 Qf6 15. Ne4 Qh6 16. Qd2 Nf4 17. Kh1 Nf6 18. Nxf6+ Qxf6 19. Re3 Qg6 20. Rg1 Rfd8 21. Rc3 Qg4 22. Qe3 bxa4 23. Ba2 Bd5 24. Bb1 Ng6 25. Rxc7 Rac8 26. Ne5 Nxe5 27. Rxc8 Rxc8 28. dxe5 h5 29. c3 Rb8 30. f3 Qh4 31. Qd2 a3 32. bxa3 Qc4 33. Re1 Qa4 34. Qd3 g6 0-1


[Site "https://www.chess.com"]

[Event "Titled Tuesday Blitz August 16 Early 2022"]
[White "Krsnik Cohar, Ivan Vihor"]
[Black "Malyi, Viacheslav"]
[WhiteFideId "14520044"]
[BlackFideId "14123983"]
[WhiteElo "2414"]
[BlackElo "2190"]
[Result "1-0"]
[Round "08"]
[TimeControl "180+2"]
[Date "2022.08.18"]
[WhiteClock "0:00:00"]
[BlackClock "0:00:00"]

1. e4 e5 2. Nf3 Nc6 3. d4 exd4 4. Bc4 Nf6 5. O-O Nxe4 6. Re1 d5 7. Bxd5 Qxd5 8. Nc3 Qh5 9. Nxe4 Be6 10. Bg5 Bd6 11. Bf6 Bxh2+ 12. Nxh2 Qxd1 13. Raxd1 gxf6 14. Nxf6+ Ke7 15. Nd5+ Kd6 16. Nc3 Rad8 17. a3 Kd7 18. Nf3 Bg4 19. Ne5+ Nxe5 20. Rxd4+ Ke6 21. Rxg4 Kf5 22. Rb4 c5 23. Rxb7 Rhg8 24. Kf1 f6 25. Rxa7 Rd2 26. Re2 Nc4 27. b3 Rxe2 28. Nxe2 Nd2+ 29. Ke1 Ne4 30. f3 Nd6 31. g4+ Ke6 32. Rxh7 Nb5 33. a4 Nd6 34. a5 Ra8 35. Nf4+ Ke5 36. Nd3+ Kd5 37. Rh5+ Kd4 38. Rxc5 Nb7 39. Rc4+ Ke3 40. b4 Nd6 41. Rc6 Rh8 42. Kd1 Rh1+ 43. Ne1 Nb5 44. Re6+ Kd4 45. a6 Kd5 46. Re7 Kd6 47. a7 Rh8 48. Rb7 Nc7 49. Rb8 Rh2 50. a8=Q Nxa8 51. Rxa8 Ke5 52. Ra3 Kf4 53. Rd3 Rh1 54. b5 Rh8 55. b6 Rb8 56. Rb3 Ke5 57. b7 Kd5 58. Nd3 Kc4 59. Ke2 f5 60. gxf5 Re8+ 61. Kf2 Rb8 62. f6 Rxb7 63. Rxb7 1-0


[Site "https://www.chess.com"]

[Event "Titled Tuesday Blitz August 16 Early 2022"]
[White "Lagno, Kateryna"]
[Black "Kamsky, Gata"]
[WhiteFideId "14109336"]
[BlackFideId "2000024"]
[WhiteElo "2522"]
[BlackElo "2666"]
[Result "1-0"]
[Round "08"]
[TimeControl "180+1"]
[Date "2022.08.16"]
[WhiteClock "0:00:18"]
[BlackClock "0:00:01"]

1. e4 c5 2. Nf3 e6 3. d4 cxd4 4. Nxd4 a6 5. Nc3 d6 6. Be2 Nf6 7. O-O b5 8. Bf3 Ra7 9. Be3 Rc7 10. Nb3 Nbd7 11. a4 b4 12. Na2 Bb7 13. Nxb4 d5 14. exd5 Bxb4 15. d6 Bxd6 16. Qxd6 Bxf3 17. gxf3 Rxc2 18. Rfc1 Rxb2 19. Na5 Nd5 20. Bd4 Qb8 21. Qa3 Rd2 22. Rab1 Qd8 23. Nb7 Qg5+ 24. Kh1 f6 25. Nd6+ Ke7 26. Ne4+ Kf7 27. Nxg5+ fxg5 28. Rb7 Rxd4 29. Rxd7+ Kg6 30. Re1 Re8 31. Qb2 e5 32. Qc2+ Kh6 33. Qf5 Nf6 34. Rg1 1-0


[Site "https://www.chess.com"]

[Event "Titled Tuesday Blitz August 16 Early 2022"]
[White "Langner, Ladislav"]
[Black "Blanco Ronquillo, Humberto L."]
[WhiteFideId "300403"]
[BlackFideId "3504239"]
[WhiteElo "2346"]
[BlackElo "2425"]
[Result "0-1"]
[Round "08"]
[TimeControl "180+2"]
[Date "2022.08.18"]
[WhiteClock "0:00:00"]
[BlackClock "0:00:00"]

1. e4 c5 2. c3 d5 3. exd5 Qxd5 4. d4 Nc6 5. dxc5 Qxd1+ 6. Kxd1 e5 7. b4 a5 8. b5 Nce7 9. Nf3 Ng6 10. Be3 Nf6 11. Nbd2 Nd5 12. c6 bxc6 13. Kc2 Nxe3+ 14. fxe3 Bc5 15. bxc6 Ba6 16. Nc4 f6 17. Rd1 O-O 18. Rd7 Rfc8 19. c7 Bb5 20. Rd8+ Rxd8 21. cxd8=Q+ Rxd8 22. Be2 Ba4+ 23. Kb2 Rb8+ 24. Ka1 Bc2 25. Rc1 Be4 26. Rd1 Ne7 27. Nxa5 Bxe3 28. Nb3 g5 29. Bc4+ Kf8 30. Rd7 g4 0-1


[Site "https://www.chess.com"]

[Event "Titled Tuesday Blitz August 16 Early 2022"]
[White "Lazavik, Denis"]
[Black "Wagner, Dennis"]
[WhiteFideId "13515110"]
[BlackFideId "24650684"]
[WhiteElo "2437"]
[BlackElo "2355"]
[Result "1-0"]
[Round "08"]
[TimeControl "180+1"]
[Date "2022.08.16"]
[WhiteClock "0:00:08"]
[BlackClock "0:00:06"]

1. d4 Nf6 2. c4 e6 3. Nc3 Bb4 4. e3 O-O 5. Bd3 d5 6. cxd5 exd5 7. a3 Bd6 8. Qc2 Na6 9. b4 c6 10. Nge2 Nc7 11. O-O Re8 12. f3 a5 13. bxa5 Ne6 14. Bd2 Rxa5 15. a4 Ra7 16. Kh1 Bb8 17. Rad1 Qd6 18. g3 h6 19. Bc1 Ng5 20. e4 dxe4 21. fxe4 Qd8 22. Bxg5 hxg5 23. e5 Nd5 24. Bh7+ Kf8 25. Rxf7+ Kxf7 26. Qg6+ Ke7 27. Qxg7+ Ke6 28. Rf1 Ne7 29. Ne4 b6 30. Nxg5+ Kd5 31. Qf7+ Be6 32. Qxe6# 1-0


[Site "https://www.chess.com"]

[Event "Titled Tuesday Blitz August 16 Early 2022"]
[White "Le, Tuan Minh"]
[Black "Salem, A.R. Saleh"]
[WhiteFideId "12401153"]
[BlackFideId "9301348"]
[WhiteElo "2530"]
[BlackElo "2674"]
[Result "1-0"]
[Round "08"]
[TimeControl "180+1"]
[Date "2022.08.16"]
[WhiteClock "0:00:04"]
[BlackClock "0:00:02"]

1. d4 d5 2. Nf3 e6 3. Bf4 c5 4. c3 Nc6 5. e3 cxd4 6. exd4 f6 7. Bd3 g5 8. Bg3 h5 9. h3 Nge7 10. Na3 Nf5 11. Bh2 a6 12. Nc2 g4 13. Nd2 Rg8 14. hxg4 hxg4 15. Qe2 Kf7 16. O-O-O Bd7 17. Ne3 Nfxd4 18. cxd4 Nxd4 19. Qe1 Qb6 20. Kb1 Bb4 21. Bf4 Bb5 22. Bxb5 Qxb5 23. Qf1 Ne2 24. Nc2 Bc3 25. Nb3 Nxf4 26. Qxb5 axb5 27. bxc3 Nxg2 28. Rh7+ Kg6 29. Rxb7 Nf4 30. Ncd4 e5 31. Nxb5 Rh8 32. Rg1 Kf5 33. Rg7 Rh4 34. Nd6+ Ke6 35. Nb7 Kf5 36. N3c5 Nh3 37. Nd6+ Kf4 38. Ne6+ Kf3 39. Rd1 Nxf2 40. Rxd5 Rh2 41. Nc4 Rb8+ 42. Kc1 Rh1+ 43. Kc2 Rh2 44. Nd2+ Ke2 45. Nc5 Ke1 46. Ncb3 f5 47. Rxe5+ Ne4 48. Rxg4 fxg4 49. Rxe4+ Re2 50. Rxg4 Rd8 51. Rd4 Ra8 52. a4 Kf2 53. a5 Re5 54. Nc4 Re6 55. Rd5 Kf3 56. Nd4+ Kg4 57. Nxe6 1-0


[Site "https://www.chess.com"]

[Event "Titled Tuesday Blitz August 16 Early 2022"]
[White "Lebedev, Artem S."]
[Black "Quispe Santacruz, Javier"]
[WhiteFideId "34272747"]
[BlackFideId "3800920"]
[WhiteElo "1699"]
[BlackElo "1929"]
[Result "1/2-1/2"]
[Round "08"]
[TimeControl "180+2"]
[Date "2022.08.18"]
[WhiteClock "0:00:00"]
[BlackClock "0:00:00"]

1. e4 e5 2. Nf3 Nc6 3. Bb5 a6 4. Ba4 Nf6 5. O-O Be7 6. d3 b5 7. Bb3 d6 8. c3 Na5 9. Bc2 c5 10. Nbd2 Qc7 11. Re1 O-O 12. Nf1 Re8 13. Ng3 Bf8 14. Bg5 Be7 15. h3 Be6 16. d4 cxd4 17. cxd4 exd4 18. Nxd4 Nc4 19. b3 Ne5 20. f4 Nc6 21. Nxc6 Qxc6 22. Qd3 Rac8 23. Rac1 Qc3 24. e5 Qxd3 25. Bxd3 dxe5 26. fxe5 Nd5 27. Bxe7 Nxe7 28. Ne4 Nf5 29. Nc5 Red8 30. Bxf5 Bxf5 31. Nb7 Rxc1 32. Rxc1 Rc8 33. Rxc8+ Bxc8 34. Nd6 Be6 35. Kf2 Kf8 36. Ke3 Ke7 37. Kd4 f6 38. Ne4 fxe5+ 39. Kxe5 Bc8 40. Nc5 a5 41. h4 g6 42. g3 h6 43. Ne4 a4 44. Nc3 axb3 45. axb3 b4 46. Nd5+ Kf7 47. Nxb4 Be6 48. Nc6 Bxb3 49. Nd4 Bd1 50. Nc6 Kg7 51. Nb4 Bb3 52. Nc6 g5 53. Nd4 Bd1 54. Nf5+ Kg6 55. hxg5 Kxg5 56. Nxh6 Kxh6 57. g4 Kg5 58. Kd4 Kg6 59. Kc3 Kf6 60. Kd4 Kg7 61. Ke3 Bc2 62. Kd2 Bg6 63. Ke3 Bf7 64. Kf4 Bg8 65. g5 Bh7 66. Ke5 Bg8 67. g6 Kh8 68. Kf6 Bd5 69. Kg5 Kg8 70. Kf5 Bc4 71. Kf6 Bb3 72. g7 Bc2 73. Kg5 Kf7 74. Kh6 Kg8 75. Kg5 Kxg7 1/2-1/2


[Site "https://www.chess.com"]

[Event "Titled Tuesday Blitz August 16 Early 2022"]
[White "Leiva, Gianmarco"]
[Black "Atanasov, Anthony"]
[WhiteFideId "3804399"]
[BlackFideId "2623897"]
[WhiteElo "2323"]
[BlackElo "1928"]
[Result "1-0"]
[Round "08"]
[TimeControl "180+1"]
[Date "2022.08.16"]
[WhiteClock "0:00:53"]
[BlackClock "0:00:06"]

1. e4 c5 2. Nf3 d6 3. Bb5+ Nd7 4. a4 Nf6 5. Nc3 a6 6. Be2 b6 7. d4 cxd4 8. Qxd4 Bb7 9. O-O e5 10. Qe3 Nc5 11. Nd2 Ne6 12. Nb3 Rc8 13. Qd3 Nc5 14. Nxc5 dxc5 15. Qxd8+ Rxd8 16. Bg5 Be7 17. f3 h6 18. Bxf6 Bxf6 19. Bc4 Rd2 20. Rf2 Bg5 21. Kf1 Be3 22. Re2 Rxe2 23. Kxe2 Bd4 24. Nd1 h5 25. Kf1 f5 26. exf5 e4 27. c3 Be5 28. fxe4 Bxh2 29. Nf2 Ke7 30. Rd1 Be5 31. Bd5 Bc8 32. Nd3 Bd6 33. Kf2 Rf8 34. Ke3 b5 35. axb5 axb5 36. Ra1 c4 37. Nf4 Bc5+ 38. Kf3 Kf6 39. Ra8 Bxf5 40. Rxf8+ Bxf8 41. exf5 Kxf5 42. Nxh5 g6 43. Nf4 Bh6 44. Ne2 Bd2 45. Bc6 b4 46. Bb5 bxc3 47. bxc3 Ke5 48. Bxc4 g5 49. Bd3 Kf6 50. c4 Bb4 51. Ke4 Bc5 52. g4 Ke6 53. Nc3 Kd6 54. Na4 Bb4 55. c5+ Ke6 56. Bc4+ Ke7 57. Kd5 Bd2 58. Nb2 Be3 59. Nd3 Kf6 60. Ne5 Bf4 61. Nf3 Ke7 62. Kc6 Kd8 63. Kb7 Be3 64. c6 Bf4 65. Nd4 Ke7 66. Nb5 Kf6 67. Bd3 Bg3 68. Bf5 Be5 69. Kc8 Bf4 70. Kd7 Bb8 71. Nd6 Ke5 72. Nf7+ Kf6 73. c7 Bxc7 74. Kxc7 Kxf7 75. Kd6 Kf6 76. Kd5 Kg7 77. Ke5 Kh6 78. Be4 Kg7 79. Kf5 Kh6 80. Bd3 Kg7 81. Kxg5 Kf7 82. Kh6 Ke7 83. Kg7 Ke6 84. Bf5+ Ke5 85. Kg6 Kd6 86. Kf6 Kd5 87. g5 Kd4 88. g6 Ke3 89. g7 Kf4 90. g8=Q Ke3 91. Qg4 Kd2 92. Qf3 Ke1 93. Qe3+ Kf1 94. Bh3# 1-0


[Site "https://www.chess.com"]

[Event "Titled Tuesday Blitz August 16 Early 2022"]
[White "Maiorov, Nikita"]
[Black "Horak, Martin"]
[WhiteFideId "13501720"]
[BlackFideId "367095"]
[WhiteElo "2409"]
[BlackElo "1997"]
[Result "1-0"]
[Round "08"]
[TimeControl "180+2"]
[Date "2022.08.18"]
[WhiteClock "0:00:00"]
[BlackClock "0:00:00"]

1. d4 Nf6 2. c4 c5 3. d5 b5 4. cxb5 a6 5. bxa6 g6 6. Nc3 Bg7 7. g3 O-O 8. Bg2 d6 9. Nf3 Bxa6 10. O-O Nbd7 11. Qc2 Nb6 12. Rd1 Ne8 13. e4 Nc7 14. b3 Nb5 15. Bb2 Nxc3 16. Bxc3 Nd7 17. Bxg7 Kxg7 18. Qc3+ Kg8 19. Rd2 f6 20. h4 Ne5 21. Nxe5 fxe5 22. a3 Qb6 23. Bh3 Bc8 24. Bxc8 Rfxc8 25. Kg2 Rcb8 26. Rb2 Qa5 27. Qe3 Qd8 28. h5 Kg7 29. hxg6 hxg6 30. Rh1 Rxa3 31. Qh6+ Kf6 32. Qh4+ Kg7 33. Qh7+ Kf6 34. g4 1-0


[Site "https://www.chess.com"]

[Event "Titled Tuesday Blitz August 16 Early 2022"]
[White "Manukian, Artak"]
[Black "Yurasova, Daria"]
[WhiteFideId "13301373"]
[BlackFideId "34146919"]
[WhiteElo "2196"]
[BlackElo "2021"]
[Result "1-0"]
[Round "08"]
[TimeControl "180+2"]
[Date "2022.08.18"]
[WhiteClock "0:00:00"]
[BlackClock "0:00:00"]

1. e4 e5 2. Nf3 Nc6 3. d4 exd4 4. Nxd4 Nf6 5. Nxc6 bxc6 6. e5 Nd5 7. Bd3 g6 8. O-O Bg7 9. Nd2 O-O 10. Nf3 d6 11. Bg5 Qd7 12. Re1 Qg4 13. h3 Qb4 14. Qc1 Qb7 15. Bh6 Be6 16. Bxg7 Kxg7 17. b3 Nb4 18. Qg5 Nxd3 19. Qf6+ Kg8 20. cxd3 Qc8 21. Ng5 dxe5 22. Nxe6 Qxe6 23. Qxe6 fxe6 24. Rxe5 Rad8 25. Rxe6 Rxd3 26. Rxc6 Rf7 27. Rac1 Rd4 28. Rxc7 Rf8 29. Rc8 1-0


[Site "https://www.chess.com"]

[Event "Titled Tuesday Blitz August 16 Early 2022"]
[White "Martic, Ivan"]
[Black "Cannon, David"]
[WhiteFideId "929301"]
[BlackFideId "3213110"]
[WhiteElo "2355"]
[BlackElo "1901"]
[Result "1-0"]
[Round "08"]
[TimeControl "180+2"]
[Date "2022.08.18"]
[WhiteClock "0:00:00"]
[BlackClock "0:00:00"]

1. d4 d5 2. Nf3 Nf6 3. e3 c5 4. b3 b6 5. Bb2 Bb7 6. Bb5+ Nbd7 7. O-O e6 8. a4 Bd6 9. Ne5 O-O 10. f4 a6 11. Bd3 cxd4 12. exd4 Rc8 13. Qe2 Ne4 14. Nd2 f5 15. Ndf3 Ndf6 16. Rac1 Bb4 17. Bxa6 Bxa6 18. Qxa6 Bd6 19. c4 Bxe5 20. dxe5 Nd7 21. cxd5 Ndc5 22. Qc4 exd5 23. Qb5 Qe7 24. Nd4 h6 25. Ba3 Kh7 26. Qxb6 Rb8 27. Bxc5 Qh4 28. Qa7 1-0


[Site "https://www.chess.com"]